[Event "ICCopen2017"]
[Site "Internet Chess Club"]
[Date "2017.03.26"]
[Round "7"]
[White "yozhik"]
[Black "arnav311004"]
[Result "1-0"]
[ICCResult "Black checkmated"]
[WhiteElo "2689"]
[BlackElo "1726"]
[Opening "King's Indian: orthodox variation"]
[ECO "E94"]
[NIC "KI.15"]
[Time "20:17:41"]
[TimeControl "180+0"]

1. Nf3 Nf6 2. c4 d6 3. d4 g6 4. Nc3 Bg7 5. e4 O-O 6. Be2 e5 7. O-O exd4 8.
Nxd4 Nc6 9. Be3 Bd7 10. f3 Re8 11. Qd2 a6 12. Kh1 Ne5 13. Rad1 Qe7 14. b3
Rad8 15. Bg5 c6 16. f4 Neg4 17. h3 Nh6 18. f5 Qf8 19. fxg6 fxg6 20. Rxf6
Bxf6 21. Bxh6 Qe7 22. Rf1 Be6 23. Nxe6 Qxe6 24. Bg4 Qe7 25. Ne2 Qe5 26. Qf4
Qxf4 27. Nxf4 Be5 28. Ne6 Rb8 29. Ng5 Re7 30. Be6+ Kh8 31. Rf7 Rbe8 32. Rxe7
Rxe7 33. Nf7+ Kg8 34. Ng5+ Kh8 35. Bf8 Re8 36. Bh6 Bf6 37. Bf7 Re5 38. h4
Bxg5 39. hxg5 Rxe4 40. c5 d5 41. Bf8 Rf4 42. Bd6 Rxf7 43. Kh2 Kg8 44. Kg3
Rf5 45. Bf4 Kf7 46. Be3 Ke6 47. Kg4 Ke5 48. Bd2 Ke4 49. Bc3 d4 50. Bd2 d3
51. Kg3 Rf2 52. Kxf2 Kd4 53. Kf3 Kd5 54. Ke3 Kxc5 55. Kxd3 Kd5 56. Ke3 b5
57. Kf4 c5 58. Bc3 c4 59. bxc4+ Kxc4 60. Bf6 b4 61. Ke5 a5 62. Ke6 a4 63.
Kf7 Kd3 64. Kg7 Kc2 65. Be7 b3 66. axb3 axb3 67. Bf6 Kd3 68. Kxh7 Ke4 69.
Kxg6 Kf4 70. Kh6 Kg3 71. g6 Kxg2 72. g7 Kf3 73. g8=Q b2 74. Qb3+ Kf4 75.
Qxb2 Kf5 76. Qe5+ Kg4 77. Qe4+ Kg3 78. Kg5 Kh3 79. Qf3+ Kh2 80. Kh4 Kg1 81.
Qe2 Kh1 82. Kh3 Kg1 83. Qe1# {Black checkmated} 1-0

[Event "ICCopen2017"]
[Site "Internet Chess Club"]
[Date "2017.03.26"]
[Round "7"]
[White "M-Ezat"]
[Black "Fighterman"]
[Result "0-1"]
[ICCResult "White checkmated"]
[WhiteElo "2196"]
[BlackElo "2450"]
[Opening "Grünfeld: 5.Bf4"]
[ECO "D92"]
[NIC "GI.07"]
[Time "20:18:09"]
[TimeControl "180+0"]

1. d4 Nf6 2. c4 g6 3. Nc3 d5 4. Nf3 Bg7 5. Bf4 O-O 6. Rc1 dxc4 7. e3 Be6 8.
Ng5 Bd5 9. e4 h6 10. exd5 hxg5 11. Bxg5 Nxd5 12. Bxc4 Nb6 13. Bb3 Nc6 14.
Ne2 Rc8 15. O-O Qd6 16. Qd3 Nxd4 17. Nxd4 Bxd4 18. Rcd1 c5 19. Rfe1 e5 20.
Be7 Qc6 21. Bxf8 Rxf8 22. Qg3 Kg7 23. h4 Qf6 24. h5 Rh8 25. Rxd4 exd4 26.
hxg6 Qxg6 27. Qe5+ Qf6 28. Qxc5 d3 29. Re5 Nd7 30. Rg5+ Kh6 31. Rh5+ Kg6 32.
Bxf7+ Kxf7 33. Qd5+ Ke7 34. Qe4+ Kd8 35. Rd5 Qh6 36. g3 Qc1+ 37. Kg2 Qh1#
{White checkmated}
0-1

[Event "ICCopen2017"]
[Site "Internet Chess Club"]
[Date "2017.03.26"]
[Round "7"]
[White "SeventhWill"]
[Black "VrloJakMK"]
[Result "1-0"]
[ICCResult "Black resigns"]
[WhiteElo "2541"]
[BlackElo "2015"]
[Opening "French: Winawer, classical variation"]
[ECO "C18"]
[NIC "FR.11"]
[Time "20:18:42"]
[TimeControl "180+0"]

1. e4 e6 2. d4 d5 3. Nc3 Bb4 4. e5 c5 5. a3 Bxc3+ 6. bxc3 Qc7 7. Qg4 Ne7 8.
Bd3 cxd4 9. Ne2 dxc3 10. Qxg7 Rg8 11. Qxh7 Nbc6 12. h4 Nxe5 13. Bg5 Nxd3+
14. cxd3 Rf8 15. Rc1 d4 16. Nxd4 Qe5+ 17. Ne2 Nd5 18. Bh6 Rh8 19. Qg7 Qxg7
20. Bxg7 Rg8 21. Be5 Rxg2 22. Bg3 Bd7 23. Kf1 Rxg3 24. fxg3 Bc6 25. Kf2 Ke7
26. h5 Nf6 27. Rh4 Rh8 28. Nd4 Rxh5 29. Nxc6+ bxc6 30. Rxh5 Nxh5 31. Rxc3
Kd6 32. Rc4 Kc7 33. Rh4 Nf6 34. Rf4 Nd5 35. Rxf7+ Kb6 36. g4 a6 37. g5
{Black resigns}
1-0

[Event "ICCopen2017"]
[Site "Internet Chess Club"]
[Date "2017.03.26"]
[Round "7"]
[White "chabotheking"]
[Black "Shadeath"]
[Result "1-0"]
[ICCResult "Black resigns"]
[WhiteElo "2563"]
[BlackElo "2763"]
[Opening "Caro-Kann: advance variation"]
[ECO "B12"]
[NIC "CK.04"]
[Time "20:18:33"]
[TimeControl "180+0"]

1. e4 c6 2. d4 d5 3. e5 Bf5 4. h4 h6 5. h5 e6 6. g4 Be4 7. f3 Bh7 8. f4 c5
9. c3 Ne7 10. Be3 Nec6 11. Rh2 Nd7 12. Nf3 Qb6 13. Qb3 Be7 14. Na3 c4 15.
Qxb6 axb6 16. Nb5 O-O 17. g5 Be4 18. Be2 Ra5 19. Nd6 Bxf3 20. Bxf3 Bxd6 21.
exd6 b5 22. gxh6 gxh6 23. f5 Kh7 24. Kd2 Nf6 25. a3 Raa8 26. Rg1 exf5 27.
Rhg2 Rg8 28. Rxg8 Rxg8 29. Rxg8 Kxg8 30. Bxh6 Ne4+ 31. Ke3 Nxd6 32. Bxd5 Ne7
33. Bh1 f6 34. Bf4 Ne4 35. Bxe4 fxe4 36. Kxe4 Kf7 37. d5 Nc8 38. d6 Nb6 39.
Kf5 Nd7 40. h6 Nc5 41. Be3 Nd7 42. Bd4 Kg8 43. Bxf6 Kh7 44. Bg7 Nc5 45. Ke5
b6 46. Kd5 Nd7 47. Kc6 Nc5 48. Kxb5 Nd7 49. Kxc4 Kg6 50. Kb5 Kf7 51. Kc6 Ke6
52. h7 Nc5 53. h8=Q {Black resigns} 1-0

[Event "ICCopen2017"]
[Site "Internet Chess Club"]
[Date "2017.03.26"]
[Round "7"]
[White "Ricardov"]
[Black "WobblySquares"]
[Result "1-0"]
[ICCResult "Black checkmated"]
[WhiteElo "2166"]
[BlackElo "1735"]
[Opening "King's gambit"]
[ECO "C30"]
[NIC "KG.05"]
[Time "20:18:55"]
[TimeControl "180+0"]

1. e4 e5 2. f4 d6 3. Bc4 Be7 4. Nf3 Nf6 5. Nc3 O-O 6. fxe5 dxe5 7. Nxe5 Bd6
8. Nf3 Re8 9. d3 Nc6 10. O-O Bg4 11. h3 Bh5 12. Ne2 Ne5 13. Nxe5 Bxe5 14.
Qe1 c6 15. Kh1 b5 16. Bb3 Qd7 17. Nf4 Bg6 18. Nxg6 hxg6 19. a4 a6 20. Rb1
Nh5 21. Rf3 Qe7 22. g4 Nf6 23. Bf4 Rad8 24. g5 Bxf4 25. Rxf4 Qd7 26. Qh4
bxa4 27. Bc4 Qd6 28. gxf6 Re5 29. fxg7 Kxg7 30. Rxf7+ Kg8 31. Qh7#
{Black checkmated}
1-0

[Event "ICCopen2017"]
[Site "Internet Chess Club"]
[Date "2017.03.26"]
[Round "7"]
[White "nahuels1992"]
[Black "findles"]
[Result "1-0"]
[ICCResult "Black forfeits on time"]
[WhiteElo "1393"]
[BlackElo "1838"]
[Opening "Sicilian"]
[ECO "B55"]
[NIC "SI.01"]
[Time "20:18:09"]
[TimeControl "180+0"]

1. e4 c5 2. Nf3 d6 3. d4 cxd4 4. Nxd4 Nf6 5. Be2 Nxe4 6. O-O g6 7. Bf3 Nf6
8. Re1 Bg7 9. Nc3 O-O 10. Bg5 Nbd7 11. Qd2 Re8 12. Bh6 Bh8 13. Nd5 Nxd5 14.
Bxd5 Qb6 15. c3 Nf6 16. Bb3 Bd7 17. h3 a5 18. a4 e5 19. Nb5 Bxb5 20. axb5
Rad8 21. Bg5 Qc7 22. Bxf6 Bxf6 23. Qd5 Bg5 24. Ra4 Kg7 25. Rc4 Qe7 26. b6
Rc8 27. Qxa5 Rxc4 28. Bxc4 Rc8 29. Bb3 Rc5 30. Qb4 Qd8 31. Ra1 Rc6 32. Rd1
Qxb6 33. Qa4 Qc7 34. Bd5 Rb6 35. Qa2 Ra6 36. Qb1 Rb6 37. c4 Qc5 38. Rd3 Bd8
39. Rf3 f5 40. Rg3 Kf6 41. h4 Qd4 42. h5 Rxb2 43. Qe1 {Black forfeits on
time} 1-0

[Event "ICCopen2017"]
[Site "Internet Chess Club"]
[Date "2017.03.26"]
[Round "7"]
[White "Zephyr"]
[Black "touchthis"]
[Result "1-0"]
[ICCResult "Black resigns"]
[WhiteElo "1629"]
[BlackElo "1457"]
[Opening "QGD: semi-Slav"]
[ECO "D31"]
[NIC "SL.06"]
[Time "20:18:59"]
[TimeControl "180+0"]

1. d4 d5 2. c4 e6 3. Nc3 c6 4. Nf3 f5 5. cxd5 cxd5 6. Bf4 Nf6 7. h3 Bd6 8.
Bxd6 Qxd6 9. e3 Nbd7 10. Bb5 a6 11. Bxd7+ Bxd7 12. O-O Ne4 13. Nxe4 fxe4 14.
Ne5 O-O 15. Qh5 Be8 16. Qg4 Rc8 17. Rfc1 Rxc1+ 18. Rxc1 Bc6 19. a3 a5 20.
Rc5 Rf6 21. b4 axb4 22. axb4 Qf8 23. b5 Be8 24. Rc7 Rxf2 25. Qxe6+ Kh8 26.
Qxd5 Rf1+ 27. Kh2 Qf2 28. Nf7+ Bxf7 29. Rc8+ Be8 30. Rxe8+ Qf8 31. Rxf8+
Rxf8 32. Qxe4 h6 33. d5 Kg8 34. d6 Kf7 35. Qe7+ Kg8 36. d7 Rb8 37. d8=Q+
Rxd8 38. Qxd8+ {Black resigns} 1-0

[Event "ICCopen2017"]
[Site "Internet Chess Club"]
[Date "2017.03.26"]
[Round "7"]
[White "larso"]
[Black "Filiron"]
[Result "0-1"]
[ICCResult "White resigns"]
[WhiteElo "2621"]
[BlackElo "2248"]
[Opening "French: Tarrasch, open variation"]
[ECO "C07"]
[NIC "FR.19"]
[Time "20:18:40"]
[TimeControl "180+0"]

1. e4 e6 2. d4 d5 3. Nd2 c5 4. exd5 Qxd5 5. dxc5 Nf6 6. Ngf3 Bxc5 7. c4 Qd6
8. a3 Ng4 9. Ne4 Qxd1+ 10. Kxd1 Nxf2+ 11. Nxf2 Bxf2 12. b4 Nc6 13. Bb2 f6
14. Kc2 e5 15. c5 Bf5+ 16. Kb3 O-O-O 17. Bc4 Bd3 18. Rad1 Bxc4+ 19. Kxc4 Kc7
20. Bc3 a6 21. a4 e4 22. Nd2 Rhe8 23. b5 axb5+ 24. axb5 Ne5+ 25. Kb3 Bxc5
26. Nxe4 Bb6 27. Rc1 Kb8 28. Bb4 Re6 29. Rhd1 Nd3 30. Rc4 Nxb4 31. Rxd8+
Bxd8 32. Rxb4 f5 33. Nc5 Re3+ 34. Kc4 Be7 35. Rb2 Re1 36. Rc2 Kc7 37. Kd5
Bxc5 38. Kxc5 Re4 39. b6+ Kd7 40. Kd5 Re7 41. g3 Kd8 42. Kd6 Rd7+ 43. Ke6 g6
44. Kf6 Rd6+ 45. Kg7 Rxb6 46. Kxh7 Rd6 47. h4 Kd7 48. Rb2 Kc7 49. Rb3 b6 50.
Kh6 Kb7 51. Kg5 Ka6 52. Ra3+ Kb5 53. Rb3+ Kc4 54. Re3 b5 55. Re8 b4 56. Rc8+
Kb5 57. Rb8+ Rb6 58. Re8 b3 59. Re1 Kc4 60. Rc1+ Kd3 61. Rd1+ Kc2 62. Rg1 b2
{White resigns}
0-1

[Event "ICCopen2017"]
[Site "Internet Chess Club"]
[Date "2017.03.26"]
[Round "7"]
[White "garompon"]
[Black "Sebs"]
[Result "0-1"]
[ICCResult "White forfeits on time"]
[WhiteElo "2601"]
[BlackElo "2972"]
[Opening "French: King's Indian attack"]
[ECO "C00"]
[NIC "FR.02"]
[Time "20:18:39"]
[TimeControl "180+0"]

1. e4 e6 2. d3 c5 3. Nf3 Nc6 4. g3 g6 5. Bg5 Qb6 6. Bg2 Qxb2 7. Nbd2 Nb4 8.
O-O Qxc2 9. Nc4 Qxd1 10. Raxd1 d5 11. exd5 exd5 12. a3 Nc6 13. Rfe1+ Be6 14.
Nce5 Nxe5 15. Nxe5 Bh6 16. Bxh6 Nxh6 17. Bxd5 Bxd5 18. Nxg6+ Kd7 19. Nxh8
Rxh8 20. Re5 Kd6 21. Rh5 Ng4 22. d4 c4 23. h3 Nf6 24. Rh6 Ke7 25. g4 c3 26.
g5 Ne4 27. Rh5 c2 28. Rc1 Rc8 29. g6 Nf6 30. Re5+ Kf8 31. gxh7 Kg7 32. Kh2
Kxh7 33. Rf5 Kg6 34. Re5 Rc3 35. Re7 Ne4 36. f3 Nd2 37. Rd7 Nxf3+ 38. Kg3
Bc6 39. Rd6+ Kf5 40. Kf2 Nd2 41. d5 Ne4+ 42. Ke2 Nxd6 43. dxc6 bxc6 44. Kd2
Ne4+ 45. Ke2 Ke5 46. h4 Rh3 {White forfeits on time} 0-1

[Event "ICCopen2017"]
[Site "Internet Chess Club"]
[Date "2017.03.26"]
[Round "7"]
[White "Kiketf"]
[Black "Aladdin"]
[Result "0-1"]
[ICCResult "White checkmated"]
[WhiteElo "2014"]
[BlackElo "2277"]
[Opening "Ruy Lopez: Cozio defense deferred"]
[ECO "C70"]
[NIC "RL.09"]
[Time "20:18:14"]
[TimeControl "180+0"]

1. e4 e5 2. Nf3 Nc6 3. Bb5 a6 4. Ba4 Nge7 5. O-O g6 6. c3 Bg7 7. d4 exd4 8.
cxd4 b5 9. Bc2 O-O 10. d5 Na5 11. Nc3 d6 12. h3 c5 13. dxc6 Nexc6 14. Bf4
Nc4 15. Rb1 Nxb2 16. Rxb2 Bxc3 17. Rb3 Be5 18. Nxe5 dxe5 19. Rd3 Qe7 20. Bh6
Rd8 21. Rxd8+ Qxd8 22. Qc1 Be6 23. f4 exf4 24. Qxf4 Nd4 25. Qe5 Ne2+ 26. Kh1
Qd4 27. Qxd4 Nxd4 28. Bb1 Rc8 29. Be3 Ne2 30. Rf2 Nc3 31. Rb2 Nxb1 32. Rxb1
Bxa2 33. Ra1 Rc2 34. Rd1 f6 35. Rd8+ Kf7 36. Rd7+ Ke6 37. Rxh7 Re2 38. Bb6
Rxe4 39. Ra7 Ra4 40. Bc5 Kd5 41. Re7 Kxc5 42. Rg7 g5 43. Rg6 Rf4 44. g3 Rf3
45. Kg2 Bd5 46. Rg7 a5 47. Rc7+ Kd4 48. Rg7 a4 49. h4 gxh4 50. gxh4 a3 51.
Ra7 a2 52. Kh2 Rf2+ 53. Kg3 Rf1 54. h5 a1=Q 55. Rxa1 Rxa1 56. h6 Rh1 57. Kf4
Rxh6 58. Kf5 Rh5+ 59. Kf4 Rh8 60. Kg4 Rc8 61. Kf4 b4 62. Kf5 b3 63. Kxf6 b2
64. Ke7 Rc2 65. Kd7 b1=Q 66. Ke7 Qb7+ 67. Kd8 Rc8# {White checkmated} 0-1

[Event "ICCopen2017"]
[Site "Internet Chess Club"]
[Date "2017.03.26"]
[Round "7"]
[White "RdgMx"]
[Black "lsokol"]
[Result "0-1"]
[ICCResult "White forfeits on time"]
[WhiteElo "1844"]
[BlackElo "2349"]
[Opening "Queen's pawn game"]
[ECO "A46"]
[NIC "QP.05"]
[Time "20:18:27"]
[TimeControl "180+0"]

1. d4 Nf6 2. Nf3 e6 3. Bf4 c5 4. c3 cxd4 5. cxd4 Qb6 6. Qc2 Nc6 7. e3 Bb4+
8. Nbd2 O-O 9. Bd3 d5 10. O-O a5 11. a3 Be7 12. Ne5 Nxe5 13. dxe5 Nh5 14.
Bxh7+ Kh8 15. Bg3 g6 16. Bxg6 fxg6 17. Qxg6 Ng7 18. Nf3 Qd8 19. Bf4 Qe8 20.
Qh6+ Kg8 21. Bg5 Nf5 22. Qh3 Bd7 23. Qg4 Qg6 24. h4 Bxg5 25. Nxg5 Rac8 26.
Rac1 Rc6 27. Rxc6 bxc6 28. e4 Nh6 29. Qe2 Qg7 30. exd5 cxd5 31. f4 Nf5 32.
Qg4 Ne3 33. Qf3 Nxf1 34. Qxf1 Qg6 35. Qf3 Qf5 36. g3 Bb5 37. Qh5 Rc8 38. Qd1
Rc2 39. h5 Be2 40. Qe1 Qd3 41. Kh2 Bg4+ 42. Kg1 Qd4+ 43. Kh1 Rd2 44. h6 Rd1
45. Qg1 Rxg1+ {White forfeits on time} 0-1

[Event "ICCopen2017"]
[Site "Internet Chess Club"]
[Date "2017.03.26"]
[Round "7"]
[White "Eliezer"]
[Black "cgi-chess"]
[Result "1-0"]
[ICCResult "Black forfeits on time"]
[WhiteElo "1521"]
[BlackElo "1395"]
[Opening "Sicilian"]
[ECO "B54"]
[NIC "SI.01"]
[Time "20:18:38"]
[TimeControl "180+0"]

1. e4 c5 2. Nf3 d6 3. d4 cxd4 4. Nxd4 a6 5. Nc3 e6 6. Be3 Nf6 7. f3 Be7 8.
Qd2 Qc7 9. O-O-O O-O 10. Kb1 Nc6 11. h4 b5 12. h5 Bd7 13. Nxc6 Bxc6 14. g4
Rac8 15. Bd3 b4 16. Ne2 d5 17. exd5 Nxd5 18. Nd4 Nxe3 19. Qxe3 Bc5 20. Nxe6
Bxe3 21. Nxc7 Rxc7 22. Be4 Bb5 23. Bd3 Bxd3 24. Rxd3 Bg5 25. Rhd1 h6 26. c3
bxc3 27. Rxc3 Rb7 28. b3 Rfb8 29. Rc5 Rb6 30. Rd7 R8b7 31. Rc8+ Kh7 32. Rd5
g6 33. hxg6+ Kxg6 34. Rdc5 Kg7 35. R8c6 Rxc6 36. Rxc6 a5 37. Ra6 Rb6 38.
Rxb6 {Black forfeits on time} 1-0

[Event "ICCopen2017"]
[Site "Internet Chess Club"]
[Date "2017.03.26"]
[Round "7"]
[White "GnowReopard"]
[Black "Harmony1957"]
[Result "0-1"]
[ICCResult "White resigns"]
[WhiteElo "2594"]
[BlackElo "2209"]
[Opening "Two knights defense (Modern bishop's opening)"]
[ECO "C55"]
[NIC "IG.01"]
[Time "20:18:44"]
[TimeControl "180+0"]

1. e4 e5 2. Nf3 Nc6 3. Bc4 Nf6 4. d3 Be7 5. O-O O-O 6. Re1 d6 7. a4 Kh8 8.
Nc3 Ng8 9. Nd5 f5 10. c3 f4 11. h3 Nh6 12. d4 g5 13. dxe5 dxe5 14. Nxe7 Qxe7
15. Nh2 Be6 16. Bd5 Rg8 17. Bxe6 Qxe6 18. Qd5 Qe7 19. Ng4 Nxg4 20. hxg4 h5
21. gxh5 g4 22. g3 Rad8 23. Qb5 Qf7 24. Qe2 Qxh5 25. gxf4 Qh4 26. f5 g3 27.
f3 g2 28. Be3 Rd7 29. Qc4 Qg3 30. Re2 Qh2+ 31. Kxh2 g1=Q+ {White resigns}
0-1

[Event "ICCopen2017"]
[Site "Internet Chess Club"]
[Date "2017.03.26"]
[Round "7"]
[White "mrneale"]
[Black "fisherino"]
[Result "0-1"]
[ICCResult "White forfeits on time"]
[WhiteElo "1120"]
[BlackElo "1533"]
[Opening "King's Indian: Torre attack"]
[ECO "A48"]
[NIC "QP.01"]
[Time "20:18:43"]
[TimeControl "180+0"]

1. d4 Nf6 2. Nf3 g6 3. Bg5 Bg7 4. e3 O-O 5. Bd3 d6 6. Nbd2 c5 7. c3 cxd4 8.
cxd4 b6 9. O-O Bb7 10. Re1 Nbd7 11. e4 Rc8 12. e5 dxe5 13. dxe5 Nd5 14. e6
fxe6 15. Rxe6 Nf4 16. Bxe7 Nxe6 17. Bxd8 Rcxd8 18. Rb1 Nec5 19. Bc4+ Kh8 20.
Qc2 Nf6 21. b4 Nce4 22. Bd3 Rfe8 23. Re1 Nxd2 24. Rxe8+ Rxe8 25. Qxd2 Bxf3
26. gxf3 Nd5 27. Bc4 Nc3 28. Qd7 Rf8 29. Qxa7 b5 30. Be6 Ne2+ 31. Kg2 Nf4+
32. Kg3 Nxe6 33. Qe7 Be5+ 34. f4 Bxf4+ 35. Kg2 Bh6 36. Qxe6 Kg7 37. Qe5+ Kg8
38. Qxb5 Rf7 39. Qd5 Kg7 {White forfeits on time} 0-1

[Event "ICCopen2017"]
[Site "Internet Chess Club"]
[Date "2017.03.26"]
[Round "7"]
[White "Mandragora"]
[Black "x-plica"]
[Result "0-1"]
[ICCResult "White forfeits on time"]
[WhiteElo "1537"]
[BlackElo "1396"]
[Opening "French defense"]
[ECO "B41"]
[NIC "FR.01"]
[Time "20:18:14"]
[TimeControl "180+0"]

1. e4 e6 2. d4 c5 3. Nf3 a6 4. d5 d6 5. c4 e5 6. Nc3 Be7 7. Be3 h6 8. Be2
Nf6 9. Nd2 Nh7 10. f4 exf4 11. Bxf4 Nd7 12. Nf3 Bf6 13. O-O Bxc3 14. bxc3
Qe7 15. Bd3 O-O 16. Qb3 Ne5 17. Rad1 Bg4 18. Rd2 Bxf3 19. gxf3 Ng5 20. Bxe5
dxe5 21. Rg2 f6 22. h4 Nh7 23. Qb6 Kh8 24. Kh2 Rad8 25. Rfg1 g5 26. hxg5
Nxg5 27. Be2 Qd7 28. Rg4 Kh7 29. Kg2 Qd6 30. Qb1 Rg8 31. Kf2 Qd7 32. Rh4 Rg6
33. Rgh1 Kg7 34. Qg1 Rh8 35. Rg4 Kf7 36. Bd1 Rhg8 37. Ke3 Qa4 38. Bxa4 b5
39. Bxb5 axb5 40. cxb5 Rb8 41. b6 Rxb6 42. Rgh4 Rb2 43. Kd3 Nxf3 44. Qxg6+
Kxg6 45. Rxh6+ Kf7 46. Rh7+ Kg6 47. R7h6+ Kg5 {White forfeits on time} 0-1

[Event "ICCopen2017"]
[Site "Internet Chess Club"]
[Date "2017.03.26"]
[Round "7"]
[White "manusupergm2001"]
[Black "Dictator"]
[Result "0-1"]
[ICCResult "White checkmated"]
[WhiteElo "2116"]
[BlackElo "2577"]
[Opening "Van't Kruijs opening"]
[ECO "A00"]
[Time "20:18:11"]
[TimeControl "180+0"]

1. e3 a5 2. d4 a4 3. Nf3 g6 4. Bc4 d5 5. Bd3 Bg7 6. c3 Nf6 7. Bb5+ Bd7 8.
Bd3 Bg4 9. h3 Bxf3 10. Qxf3 Nbd7 11. O-O O-O 12. e4 dxe4 13. Bxe4 Nxe4 14.
Qxe4 c6 15. Nd2 e5 16. Nc4 exd4 17. cxd4 Re8 18. Qf4 Nf6 19. Be3 Nd5 20. Qf3
b5 21. Ne5 Bxe5 22. dxe5 Nxe3 23. Qxe3 Qd5 24. f4 Rad8 25. Kh2 f6 26. Rac1
fxe5 27. Rc5 exf4 28. Qc1 Qxa2 29. Qxf4 Qxb2 30. Qf7+ Kh8 31. Rf2 Qd4 32.
Rxc6 Rf8 33. Qxf8+ Rxf8 34. Rxf8+ Kg7 35. Ra8 Qd5 36. Rc7+ Kh6 37. Raa7 a3
38. Rxh7+ Kg5 39. Rhd7 Qe5+ 40. Kg1 b4 41. Rdb7 b3 42. Rxa3 Qc5+ 43. Kh2
Qxa3 44. Rb5+ Kf6 45. Rb6+ Ke7 46. Rb7+ Kd6 47. Rb8 b2 48. Rd8+ Kc7 49. Rd1
Qd6+ 50. Rxd6 Kxd6 51. Kg3 b1=Q 52. Kg4 Qb4+ 53. Kg3 Qe4 54. h4 Ke6 55. Kh3
Kf6 56. Kg3 g5 57. h5 Qf4+ 58. Kh3 Qh4# {White checkmated} 0-1

[Event "ICCopen2017"]
[Site "Internet Chess Club"]
[Date "2017.03.26"]
[Round "7"]
[White "zandoli"]
[Black "LittleMaster"]
[Result "0-1"]
[ICCResult "White resigns"]
[WhiteElo "1931"]
[BlackElo "2305"]
[Opening "Queen's pawn game, Krause variation"]
[ECO "D02"]
[NIC "QP.08"]
[Time "20:19:15"]
[TimeControl "180+0"]

1. d4 d5 2. Nf3 c5 3. g3 e6 4. Bg2 cxd4 5. Nxd4 Nf6 6. Nf3 Nc6 7. O-O Be7 8.
b3 h6 9. Bb2 O-O 10. Nbd2 Bd7 11. a3 Rc8 12. Re1 Bd6 13. c4 Bb8 14. cxd5
exd5 15. e4 dxe4 16. Nxe4 Nxe4 17. Rxe4 Re8 18. Re2 Be6 19. Rd2 Qb6 20. b4
Ne7 21. Ne5 Bxe5 22. Bxe5 Nc6 23. Bb2 Rcd8 24. Rc1 Ne7 25. Rc3 Nf5 26. Rcd3
Rxd3 27. Rxd3 Bc4 28. Rd7 Re2 29. Bd4 Qe6 30. Rd8+ Kh7 31. Bc3 Rxf2 32. Bh3
Qe3 33. Kh1 Qxc3 34. Qh5 Qe1+ {White resigns} 0-1

[Event "ICCopen2017"]
[Site "Internet Chess Club"]
[Date "2017.03.26"]
[Round "7"]
[White "arsam"]
[Black "Unico"]
[Result "1-0"]
[ICCResult "Black resigns"]
[WhiteElo "2700"]
[BlackElo "2459"]
[Opening "Caro-Kann: advance variation"]
[ECO "B12"]
[NIC "CK.04"]
[Time "20:18:43"]
[TimeControl "180+0"]

1. e4 c6 2. d4 d5 3. e5 Bf5 4. h4 h5 5. c4 e6 6. Nc3 Nd7 7. Nge2 Ne7 8. Ng3
Bg6 9. cxd5 Nxd5 10. Be2 Be7 11. Bxh5 Bxh5 12. Nxh5 g6 13. Ng3 Rxh4 14. Rxh4
Bxh4 15. Nge4 Be7 16. Qb3 Qb6 17. Qxb6 axb6 18. Bd2 Nb4 19. O-O-O Nxa2+ 20.
Nxa2 Rxa2 21. Kb1 Ra4 22. Bc3 Nxe5 23. b3 Ra3 24. dxe5 Rxb3+ 25. Kc2 Rb5 26.
f4 Rd5 27. Rh1 Rd8 28. Rh7 c5 29. Nf6+ Kf8 30. f5 gxf5 31. Bd2 Bxf6 32. exf6
Kg8 33. Rg7+ Kf8 34. Bf4 Rd4 35. Bc7 Rc4+ 36. Kd3 Rd4+ 37. Ke3 Rh4 38. Bxb6
Rh6 39. Bxc5+ Ke8 40. Be7 Rg6 41. Kd4 b5 42. Ke5 b4 43. Rxg6 fxg6 44. Kxe6
{Black resigns}
1-0

[Event "ICCopen2017"]
[Site "Internet Chess Club"]
[Date "2017.03.26"]
[Round "7"]
[White "WinAgain"]
[Black "jbow79"]
[Result "1/2-1/2"]
[ICCResult "Black ran out of time and White has no material to mate"]
[WhiteElo "1351"]
[BlackElo "1007"]
[Opening "Scandinavian (center counter) defense"]
[ECO "B01"]
[NIC "SD.02"]
[Time "20:19:11"]
[TimeControl "180+0"]

1. e4 d5 2. exd5 Qxd5 3. Nc3 Qd8 4. d4 Nf6 5. Be3 Nc6 6. Bd3 g6 7. Be2 Bg7
8. Bf3 Bd7 9. Bxc6 Bxc6 10. f3 Qd7 11. Nge2 O-O-O 12. O-O h5 13. h3 h4 14.
Qd2 Nh5 15. Bf2 e5 16. d5 Bxd5 17. Nxd5 Qxd5 18. Qxd5 Rxd5 19. Rad1 Rhd8 20.
Rxd5 Rxd5 21. Nc3 Rd2 22. Rc1 Nf4 23. Ne4 Re2 24. Kf1 Bh6 25. g3 hxg3 26.
Nxg3 Rd2 27. Be3 Rh2 28. Re1 Rxh3 29. Bxf4 Bxf4 30. Ne4 Rh1+ 31. Kf2 Rxe1
32. Kxe1 f5 33. Nc5 b6 34. Ne6 c5 35. Nxf4 exf4 36. Kd2 Kd7 37. Kd3 Kd6 38.
c3 Kd5 39. c4+ Ke5 40. b3 a5 41. a3 g5 42. a4 g4 43. Ke2 gxf3+ 44. Kxf3 Kd4
45. Kxf4 Kc3 46. Kxf5 Kxb3 47. Ke4 Kxc4 48. Ke3 Kb4 49. Kd2 Kxa4 50. Kc3 Ka3
51. Kc4 b5+ 52. Kxb5 a4 53. Kxc5 Kb3 54. Kd4 a3 55. Kd3 a2 56. Kd2 a1=Q 57.
Kd3 Qd1+ 58. Ke4 Kc4 59. Ke5 Qe1+ 60. Kd6
{Black ran out of time and White has no material to mate}
1/2-1/2

[Event "ICCopen2017"]
[Site "Internet Chess Club"]
[Date "2017.03.26"]
[Round "7"]
[White "Cubitas"]
[Black "GrandPatzer5"]
[Result "1-0"]
[ICCResult "Black checkmated"]
[WhiteElo "2456"]
[BlackElo "1933"]
[Opening "Réti opening"]
[ECO "A04"]
[NIC "QP.11"]
[Time "20:18:52"]
[TimeControl "180+0"]

1. Nf3 e6 2. g3 c5 3. Bg2 d5 4. c4 Nf6 5. O-O d4 6. Na3 Nc6 7. e3 Be7 8.
exd4 cxd4 9. d3 O-O 10. Nc2 a5 11. Re1 h6 12. Ne5 Nxe5 13. Rxe5 Rb8 14. b3
b6 15. a3 Bb7 16. Qf1 Nd7 17. Re1 Nc5 18. Bxb7 Rxb7 19. Rb1 a4 20. b4 Nb3
21. Bb2 Bf6 22. Qg2 Re7 23. Re2 Rfe8 24. Rbe1 e5 25. Qc6 Qc7 26. Qxa4 e4 27.
Qxb3 e3 28. fxe3 h5 29. Bxd4 Bxd4 30. Nxd4 h4 31. Nf5 Re6 32. Nxh4 Rh6 33.
Rf2 Qd7 34. d4 Qg4 35. Rf4 Qh3 36. c5 Rf8 37. Ref1 Qd7 38. b5 bxc5 39. dxc5
g5 40. c6 Qd2 41. Rxf7 Rxf7 42. Qxf7+ Kh8 43. Qf8+ Kh7 44. Rf7#
{Black checkmated}
1-0

[Event "ICCopen2017"]
[Site "Internet Chess Club"]
[Date "2017.03.26"]
[Round "7"]
[White "splashlee2010"]
[Black "institutano"]
[Result "1-0"]
[ICCResult "Black forfeits on time"]
[WhiteElo "1230"]
[BlackElo "1688"]
[Opening "Sicilian"]
[ECO "B50"]
[NIC "SI.01"]
[Time "20:18:47"]
[TimeControl "180+0"]

1. e4 c5 2. Nf3 d6 3. Bc4 Nf6 4. Qe2 e6 5. c3 Qc7 6. O-O Be7 7. Bb3 O-O 8.
d3 b6 9. h3 Bb7 10. Nh2 Nc6 11. f4 e5 12. Na3 Rad8 13. Nb5 Qb8 14. fxe5 dxe5
15. Be3 a6 16. Na3 b5 17. Qf2 Rxd3 18. Bc2 Rdd8 19. Bxc5 Bxc5 20. Qxc5 Qd6
21. Qe3 Qd2 22. Qb6 {Black forfeits on time} 1-0

[Event "ICCopen2017"]
[Site "Internet Chess Club"]
[Date "2017.03.26"]
[Round "7"]
[White "EngHany"]
[Black "atoz"]
[Result "1-0"]
[ICCResult "Black checkmated"]
[WhiteElo "1842"]
[BlackElo "1410"]
[Opening "Benoni: classical with e4 and Nf3"]
[ECO "A70"]
[NIC "BI.38"]
[Time "20:18:30"]
[TimeControl "180+0"]

1. d4 Nf6 2. c4 c5 3. d5 e6 4. Nc3 exd5 5. cxd5 d6 6. e4 g6 7. Nf3 Bg4 8.
Bb5+ Nbd7 9. Bf4 a6 10. Be2 b5 11. Qc2 Bxf3 12. Bxf3 Nb6 13. O-O Bg7 14.
Rad1 O-O 15. Rfe1 Re8 16. a4 b4 17. Nb1 Rc8 18. Nd2 Qd7 19. b3 Re7 20. a5
Na8 21. Nc4 Rce8 22. Nxd6 Rd8 23. Qxc5 Bf8 24. e5 Ne8 25. Qxb4 Nxd6 26. exd6
Rxe1+ 27. Rxe1 Bxd6 28. Bxd6 Qxd6 29. Re8+ Kg7 30. Qxd6 Rxd6 31. Rxa8 Kf6
32. b4 Ke5 33. Rb8 Kd4 34. Rb6 Rd7 35. d6 Rd8 36. g3 Kc3 37. Kg2 Kd2 38. h4
Ke1 39. h5 g5 40. h6 f6 41. Bg4 Kd2 42. Bf5 Rh8 43. d7 Rd8 44. Rc6 Ke1 45.
Rc8 Rxd7 46. Bxd7 Ke2 47. b5 axb5 48. a6 b4 49. a7 b3 50. a8=Q b2 51. Qb7
b1=Q 52. Qxb1 g4 53. Bxg4+ Kd2 54. Qc2+ Ke1 55. Re8# {Black checkmated} 1-0